 Dungeon Crawl Stone Soup version 0.21.1-1-g345015f (webtiles) character file.

42 Iko the Skirmisher (level 3, -1/30 HPs)
             Began as a Demonspawn Chaos Knight on June 3, 2018.
             Slain by Sigmund
             ... wielding a +0 scythe
              (13 damage)
             ... while paralysed by Grinder
             ... on level 3 of the Dungeon.
             The game lasted 00:03:23 (414 turns).

Iko the Skirmisher (Demonspawn Chaos Knight)         Turns: 414, Time: 00:03:24

Health: -1/30      AC:  5    Str: 13    XL:     3   Next: 35%
Magic:  3/3        EV:  2    Int: 13    God:    Xom [....*.]
Gold:   70         SH:  0    Dex: 12    Spells: 2/2 levels left

rFire    . . .     SeeInvis .   a - +0 hand axe (chaos)
rCold    . . .     Gourm    .   (no shield)
rNeg     . . .     Faith    .   b - +2 leather armour
rPois    .         Spirit   .   (no helmet)
rElec    .         Reflect  .   (no cloak)
rCorr    .         Harm     .   (no gloves)
MR       .....                  (no boots)
Stlth    ++........             (no amulet)
HPRegen  0.10/turn              e - ring of wizardry
MPRegen  0.08/turn              (no ring)

@: paralysed
A: claws 1, nightstalker 1
a: Renounce Religion


You were on level 3 of the Dungeon.
You worshipped Xom.
You were a beloved toy of Xom.
You were not hungry.

You visited 1 branch of the dungeon, and saw 3 of its levels.

You collected 70 gold pieces.

Inventory:

Hand Weapons
 a - a +0 hand axe of chaos (weapon)
 d - a +0 hunting sling
Missiles
 f - 39 stones (quivered)
Armour
 b - a +2 leather armour (worn)
Jewellery
 e - a ring of wizardry (left claw)
Comestibles
 c - 2 rations


   Skills:
 + Level 3.8 Fighting
 + Level 3.1 Axes
 + Level 2.1 Armour
 + Level 1.0 Dodging


You had 2 spell levels left.
You didn't know any spells.

Dungeon Overview and Level Annotations

Branches:
Dungeon (3/15)

Altars:

Annotations:
D:3 Grinder, Robin, Sigmund


Innate Abilities, Weirdness & Mutations

You have sharp fingernails.
You are slightly more attuned to the shadows.


Message History

Your club hits the goblin!
The goblin dies!
Something completely misses your club. The goblin closely misses you.
You hit the goblin.
You feel better.
The goblin is moderately wounded.
Your club hits the goblin!!
The goblin dies!
The goblin hits you but does no damage.
You slash the goblin! Lightning courses through the goblin!
You kill the goblin!
Something misses your club.
Grinder comes into view.
Grinder shouts!
Grinder gestures at you. You resist with significant effort.
Grinder gestures at you.
You suddenly lose the ability to move!
A ball python comes into view.
Your club hits Grinder! Something hits you!
You die...

,, ,,* *, *.. ,, ,,* *,,*
*.#* ,,, ,* , * *.# *,,,
####* * ####.# ,,,*
##..,,,###....##### * ,*,*
#..#####..........#
**,*,***#.)))..{..........#
,*,........#####......<...##
,,........# #@(.........#
,.!..gg..#####5.##.......# ,
....g..........#........#
,*,.............#.......####
g..............#..####
,.g......#..#.###S...# ,,,,
, .....#.<......# , ,,,, ,
,,#........)).## ,,,,, ,,
.........#.....#


You could see Grinder, a ball python (wandering) and a friendly club.

Vanquished Creatures
  An adder (D:3)
  A dart slug (D:1)
  A leopard gecko (D:1)
  2 bats
  3 giant cockroaches (D:1)
  4 goblins
  2 hobgoblins (D:3)
  4 kobolds
  2 rats (D:1)
20 creatures vanquished.

Vanquished Creatures (collateral kills)
  An adder (D:2)
  An orc (D:3)
  3 goblins (D:3)
5 creatures vanquished.

Grand Total: 25 creatures vanquished

Notes
Turn   | Place    | Note
-------+----------+-------------------------------------------
     0 | D:1      | Iko the Demonspawn Chaos Knight began the quest for the Orb.
     0 | D:1      | Reached XP level 1. HP: 18/18 MP: 1/1
   144 | D:1      | XOM: potion effect (brilliance)
   185 | D:1      | Gained mutation: You have sharp fingernails. [demonic ancestry]
   185 | D:1      | Reached XP level 2. HP: 24/24 MP: 2/2
   246 | D:1      | XOM: potion effect (brilliance)
   332 | D:2      | XOM: enchant monster (good)
   387 | D:3      | Noticed Robin
   390 | D:3      | XOM: fake destruction
   397 | D:3      | Reached skill level 1 in Dodging
   397 | D:3      | Gained mutation: You are slightly more attuned to the shadows. [demonic ancestry]
   397 | D:3      | Reached XP level 3. HP: 12/30 MP: 3/3
   403 | D:3      | XOM: divination: magic mapping
   404 | D:3      | Noticed Sigmund
   410 | D:3      | Noticed Grinder
   413 | D:3      | Paralysed by Grinder for 6 turns
   414 | D:3      | Slain by Sigmund

Skill      XL: |  1  2 |
---------------+-------+-----
Axes           | 3 |  3.1
Armour         | 2 |  2.1
Dodging        | 1 |  1.0
Fighting       | |  3.8

Action                   || total
-------------------------++-------
Melee: Hand axe          ||    55
 Fire: Hunting sling     ||     3
  Use: Potion            ||     1
       Scroll            ||     2
Armor: Leather armour    ||    21
Dodge: Dodged            ||    40
